 Dungeon Crawl Stone Soup version 0.28.0-53-g5a82cb258f (webtiles) character file.

Game seed: 2116096208677029252

103 safid the Chopper (level 4, -1/40 HPs)
             Began as a Hill Orc Fighter on Aug 10, 2022.
             Was a Believer of Sif Muna.
             Slain by a black bear (5 damage)
             ... on level 4 of the Dungeon.
             The game lasted 00:02:39 (2515 turns).

safid the Chopper (Hill Orc Fighter)                Turns: 2515, Time: 00:02:40

Health: -1/40      AC:  7    Str: 20    XL:     4   Next: 79%
Magic:  4/4        EV:  9    Int:  8    God:    Sif Muna [**....]
Gold:   152        SH:  4    Dex: 10    Spells: 3/3 levels left

rFire   . . .      SeeInvis .   a - +0 war axe
rCold   . . .      Faith    .   c - +0 buckler
rNeg    . . .      Spirit   .   b - +0 scale mail
rPois   .          Reflect  .   (no helmet)
rElec   .          Harm     .   (no cloak)
rCorr   .          Rampage  .   (no gloves)
Will    .....                   (no boots)
Stlth   ..........              (no amulet)
HPRegen 0.13/turn               (no ring)
MPRegen 0.09/turn               (no ring)

@: no status effects
A: no striking features
a: Renounce Religion, Channel Magic


You were on level 4 of the Dungeon.
You worshipped Sif Muna.
Sif Muna was pleased with you.
You visited 1 branch of the dungeon, and saw 4 of its levels.

You collected 152 gold pieces.

Inventory:

Hand Weapons
 a - a +0 war axe (weapon)
Missiles
 i - a throwing net (quivered)
 m - 6 javelins
Armour
 b - a +0 scale mail (worn)
 c - a +0 buckler (worn)
Jewellery
 n - a ring of ice
Scrolls
 f - 4 scrolls of identify {unknown}
 j - 2 scrolls of teleportation {unknown}
 k - a scroll of fog {unknown}
Potions
 d - a potion of might
 e - a potion of flight {unknown}
 g - a potion of haste {unknown}
 h - 2 potions of degeneration {unknown}
 l - 2 potions of attraction {unknown}


   Skills:
 - Level 4.0 Fighting
 + Level 4.8 Axes
 - Level 4.0 Armour
 - Level 4.0 Shields


You had 3 spell levels left.
You didn't know any spells.
Your spell library contained the following spells:

 Spells                   Type           Power      Damage    Failure   Level
 Animate Skeleton         Necr           0%         N/A       85%         1
 Apportation              Tloc           0%         N/A       85%         1
 Pain                     Necr           0%         1d4       85%         1
 Summon Small Mammal      Summ           0%         N/A       85%         1
 Vampiric Draining        Necr           0%         2d6       99%         3


Dungeon Overview and Level Annotations

Branches:
Dungeon (4/15)
 Temple: D:4-7

Altars:
Sif Muna

Shops:
D:4 (

Annotations:
D:2 1 runed translucent door, Crazy Yiuf


Message History

The black bear claws you but does no damage.
The black bear claws you.
You slash the black bear!
The black bear is almost dead.
The black bear goes berserk!
You barely miss the black bear.
The black bear is almost dead.
The black bear barely misses you.
The black bear claws you but does no damage.
The black bear claws you. The black bear bites you.
The black bear claws you but does no damage. x2
You are too injured to fight recklessly!
You are too injured to fight recklessly!
You are too injured to fight recklessly!
You are too injured to fight recklessly!
You are too injured to fight recklessly!
You are too injured to fight recklessly!
You are too injured to fight recklessly!
You are too injured to fight recklessly!
You are too injured to fight recklessly!
You are too injured to fight recklessly!
You are too injured to fight recklessly!
You are too injured to fight recklessly!
You are too injured to fight recklessly!
You are too injured to fight recklessly!
You are too injured to fight recklessly!
You are too injured to fight recklessly!
You are too injured to fight recklessly!
Unknown command.
You hit the black bear.
The black bear is almost dead.
The black bear bites you but does no damage.
The black bear claws you.
* * * LOW HITPOINT WARNING * * *
The black bear claws you but does no damage.
The black bear bites you!
* * * LOW HITPOINT WARNING * * *
The black bear claws you but does no damage.
The black bear claws you.
You die...

........... ....∩....
....... # ....) .#
####...##..##
#............
#..J........
#...#h##.##..#### #.#
#@# ..#.... #
###.##.##..#....
#..........#..#
##.#######..#..#8
#...........#Z...
#..######..©#)...
#.......#...#$...
#######....##.#...#z.#8
#....##...........#..#


You could see a black bear (berserk) and an endoplasm.

Vanquished Creatures
  A jelly (D:4)
  3 adders
  5 ball pythons
  A bat (D:2)
  9 endoplasms
  3 giant cockroaches
  2 goblins
  5 hobgoblins
  4 quokkas
  A frilled lizard (D:1)
  4 kobolds
  4 rats
42 creatures vanquished.

Notes
Turn   | Place    | Note
-------+----------+-------------------------------------------
     0 | D:1      | safid the Hill Orc Fighter began the quest for the Orb.
     0 | D:1      | Reached XP level 1. HP: 19/19 MP: 1/1
   147 | D:1      | Found a faded altar of an unknown god.
   155 | D:1      | Prayed at the altar of an unknown god.
   155 | D:1      | Became a worshipper of Sif Muna the Loreminder
   155 | D:1      | Reached * piety under Sif Muna
   228 | D:1      | Reached XP level 2. HP: 27/27 MP: 2/2
   552 | D:2      | Reached XP level 3. HP: 30/33 MP: 3/3
   945 | D:2      | Found a runed translucent door.
   946 | D:2      | Noticed Crazy Yiuf
  1104 | D:2      | Reached ** piety under Sif Muna
  1497 | D:3      | Reached XP level 4. HP: 40/40 MP: 4/4
  2501 | D:4      | Found Eblevy's Weapon Boutique.
  2501 | D:4      | Noticed a black bear
  2515 | D:4      | Slain by a black bear

Illustrated notes

Levels and vault maps discovered:
D:1:      nzn_arrival_crosshair, layout_rooms, basic_ecumenical_altar
D:2:      layout_loops_ring, uniq_crazy_yiuf_cottage
D:3:      layout_basic
D:4:      layout_basic, nicolae_overflow_hidden_temple, serial_shops,
          nicolae_shop_bloodbath_and_beyond, gammafunk_ghost_mausoleum,
          grunt_decor_fettered

Skill      XL: |  1  2  3  4 |
---------------+-------------+-----
Axes           | 3 4 |  4.8
Fighting       | 4 |  4.0
Shields        | 4 |  4.0
Armour         | 4 |  4.0

Action                   |  1- 3 |  4- 6 || total
-------------------------+-------+-------++-------
Melee: War axe           |    75 |    37 ||   112
Armor: Scale mail        |    23 |    28 ||    51
Dodge: Dodged            |    34 |    18 ||    52
Block: Buckler           |    14 |     8 ||    22
